 Dungeon Sprint DCSS version 0.20-b1-18-gaa2fd62 (webtiles) character file.

3948 potatolord6000 the Blocker (level 10, -2/92 HPs)
             Began as a Formicid Fighter on May 24, 2017.
             Was an Initiate of Gozag.
             Killed from afar by a rime drake (15 damage)
             ... with a flash freeze
             ... in the Dungeon (Sprint IX: "|||||||||||||||||||||||||||||").
             The game lasted 00:02:55 (932 turns).

potatolord6000 the Blocker (Formicid Fighter)        Turns: 932, Time: 00:02:55

Health: -2/92      AC: 15    Str: 28    XL:     10   Next: 44%
Magic:  10/10      EV: 14    Int: 17    God:    Gozag
Gold:   925        SH: 15    Dex: 18    Spells: 9/9 levels left

rFire    . . .     SeeInvis +   h - +4 halberd (venom)
rCold    . . .     Gourm    .   c - +0 shield
rNeg     . . .     Faith    .   j - +1 chain mail
rPois    .         Spirit   .   (helmet unavailable)
rElec    .         Reflect  .   (no cloak)
rCorr    .         Harm     .   (no gloves)
MR       +....                  a - +0 pair of boots
Stlth    ..........             (no amulet)
Regen    0.3/turn               b - +3 ring of intelligence
MPRegen  0.2/turn               k - +3 ring of dexterity

@: mighty, brilliant, agile, gold aura
A: permanent stasis, dig shafts and tunnels, four strong arms, antennae 3
a: Dig, Potion Petition, Call Merchant, Bribe Branch, Renounce Religion


You were in the Dungeon.
You worshipped Gozag.
Gozag was pleased with you.
You were very full.

You visited 1 branch You collected 1638 gold pieces.
You paid 713 gold pieces to Gozag.

Inventory:

Hand Weapons
 h - a +4 halberd of venom (weapon)
Armour
 a - a +0 pair of boots (worn)
 c - a +0 shield (worn)
 j - a +1 chain mail (worn)
Jewellery
 b - a +3 ring of intelligence (left hand)
 k - a +3 ring of dexterity (right hand)
Scrolls
 m - 3 scrolls of remove curse
 n - 2 scrolls of amnesia
 q - a scroll of fear
 r - a scroll of identify
 s - a scroll of recharging
Potions
 e - a potion of invisibility
 g - a potion of heal wounds
 i - 4 potions of magic
 l - 6 potions of curing


   Skills:
 + Level 13.0 Fighting
 + Level 11.8 Polearms
 + Level 12.9 Armour
 + Level 14.0 Shields


You had 9 spell levels left.
You didn't know any spells.

Dungeon Overview and Level Annotations

Branches:
Dungeon (1/1)

Altars:
Cheibriados
Dithmenos
Elyvilon
Fedhas
Gozag
Hepliaklqana
Kikubaaqudgha
Makhleb
Nemelex Xobeh
Okawaru
Qazlal
Ru
Sif Muna
Trog
Uskayaw
Vehumet
Xom
Yredelemnul
Zin
The Shining One
Beogh
Jiyva
Lugonu

Shops:
D [


Innate Abilities, Weirdness & Mutations

You cannot be hasted, slowed, berserked, paralysed or teleported.
You can dig through walls and to a lower floor.
Your four strong arms can wield two-handed weapons with a shield.
You have a pair of large antennae on your head. (SInv)


Message History

You block the bullfrog's attack.
The spiny frog is distracted by the nearby gold.
You block the bullfrog's attack.
The spiny frog gives a loud, deep croak!
You slash the bullfrog!
You kill the bullfrog!
Your Shields skill increases to level 14!
A yak comes into view.
Unknown command.
You closely miss the rime drake.
The yak bellows!
You block the rime drake's attack.
Unknown command.
You puncture the rime drake!
The rime drake is poisoned.
The rime drake is moderately wounded.
The spiny frog is no longer distracted by gold.
The rime drake breathes ice at you. The flash freeze hits you!
You die...
Your body crumbles into a pile of gold.

▓_▓.▓.▓
{
▓_▓.▓.▓
{
▓_▓.▓.▓
{
▓_▓.▓∩▓
{
▓_▓.▓.▓
{
▓_▓.▓.▓
▓_▓.▓.▓
{
▓_▓.▓.▓
{
▓_▓.▓@▓
{
▓_▓.▓k▓
{ {
▓_▓.▓F▓
{
▓_▓.▓F▓
{
▓_▓.▓.▓
{
▓_▓.▓F▓
{
▓.▓.▓S▓
{
▓_▓.▓Y▓
{ ▓_▓.▓
{ {


You could see a yak, a spiny frog, a rime drake, a water moccasin and 2
bullfrogs.

Vanquished Creatures
  2 hydras (D)
  An unseen horror (D)
  A cyclops (D)
  A komodo dragon (D)
  A yak (D)
  A basilisk (D)
  A hungry ghost (D)
  4 water moccasins (D)
  A phantom (D)
  3 centaurs (D)
  3 bullfrogs (D)
  A jelly (D)
  An orc wizard (D)
  2 worker ants (D)
  An adder zombie (D)
  An orc (D)
  3 giant cockroaches (D)
  2 goblins (D)
  A kobold (D)
  A quokka (D)
  A rat (D)
33 creatures vanquished.

Notes
Turn   | Place    | Note
-------+----------+-------------------------------------------
     0 | D        | potatolord6000 the Formicid Fighter began the quest for the Orb.
     0 | D        | Reached XP level 1. HP: 18/18 MP: 1/1
    14 | D        | Reached skill level 4 in Shields
    18 | D        | Reached XP level 2. HP: 22/25 MP: 2/2
    26 | D        | Noticed a phantom
    26 | D        | Noticed a centaur
    52 | D        | Killed a centaur
    52 | D        | Reached skill level 5 in Fighting
    52 | D        | Reached skill level 5 in Armour
    52 | D        | Reached skill level 6 in Shields
    52 | D        | Reached XP level 3. HP: 24/34 MP: 3/3
    52 | D        | Reached XP level 4. HP: 28/40 MP: 4/4
    95 | D        | Killed a phantom
    95 | D        | Reached skill level 5 in Polearms
    95 | D        | Reached skill level 7 in Shields
    95 | D        | Reached XP level 5. HP: 26/47 MP: 5/5
   107 | D        | Found a roughly hewn altar of Beogh.
   107 | D        | Found a snail-covered altar of Cheibriados.
   107 | D        | Found a shadowy altar of Dithmenos.
   107 | D        | Found a white marble altar of Elyvilon.
   107 | D        | Found a blossoming altar of Fedhas.
   107 | D        | Found an opulent altar of Gozag.
   108 | D        | Found a hazy altar of Hepliaklqana.
   109 | D        | Found a viscous altar of Jiyva.
   110 | D        | Found an ancient bone altar of Kikubaaqudgha.
   111 | D        | Found a corrupted altar of Lugonu.
   112 | D        | Found a burning altar of Makhleb.
   113 | D        | Found a sparkling altar of Nemelex Xobeh.
   114 | D        | Found an iron altar of Okawaru.
   115 | D        | Became a worshipper of Gozag Ym Sagoz the Greedy
   118 | D        | Found a stormy altar of Qazlal.
   119 | D        | Found a sacrificial altar of Ru.
   120 | D        | Found a deep blue altar of Sif Muna.
   121 | D        | Found a bloodstained altar of Trog.
   122 | D        | Found a hide-covered altar of Uskayaw.
   123 | D        | Found a radiant altar of Vehumet.
   125 | D        | Found a shimmering altar of Xom.
   126 | D        | Found a basalt altar of Yredelemnul.
   127 | D        | Found a glowing silver altar of Zin.
   128 | D        | Found a glowing golden altar of the Shining One.
   232 | D        | Noticed a hungry ghost
   232 | D        | Noticed a bullfrog
   232 | D        | Noticed an unseen horror
   239 | D        | Killed a hungry ghost
   239 | D        | Reached skill level 8 in Shields
   239 | D        | Reached XP level 6. HP: 56/56 MP: 6/6
   247 | D        | Reached skill level 9 in Shields
   247 | D        | Reached XP level 7. HP: 54/63 MP: 7/7
   265 | D        | Killed an unseen horror
   265 | D        | Reached skill level 10 in Fighting
   265 | D        | Reached skill level 10 in Shields
   265 | D        | Reached XP level 8. HP: 44/72 MP: 8/8
   391 | D        | Noticed a cyclops
   402 | D        | Reached skill level 10 in Armour
   402 | D        | Reached skill level 11 in Shields
   407 | D        | Killed a cyclops
   407 | D        | Reached XP level 9. HP: 67/79 MP: 9/9
   545 | D        | Noticed a komodo dragon
   546 | D        | Noticed a seven-headed hydra
   548 | D        | Reached skill level 10 in Polearms
   548 | D        | Reached skill level 12 in Shields
   591 | D        | Killed a komodo dragon
   599 | D        | Killed a 12-headed hydra
   599 | D        | Reached skill level 13 in Shields
   599 | D        | Reached XP level 10. HP: 19/90 MP: 10/10
   913 | D        | Noticed a four-headed hydra
   913 | D        | Noticed a rime drake
   913 | D        | Noticed a spiny frog
   927 | D        | Killed a 15-headed hydra
   930 | D        | Reached skill level 14 in Shields
   932 | D        | Killed from afar by a rime drake

Skill      XL: |  1  2  3  4  5  6  7  8  9 10 |
---------------+-------------------------------+-----
Shields        | 4 6 7 8 9 10 11 13 14 | 14.0
Fighting       | 4 5 6 7 8 10 12 13 | 13.0
Polearms       | 4 5 6 7 9 11 | 11.8
Armour         | 5 6 7 8 9 10 12 | 12.9

Action                   |  1- 3 |  4- 6 |  7- 9 | 10-12 || total
-------------------------+-------+-------+-------+-------++-------
Melee: Trident           |    37 |    29 |       |       ||    66
       Halberd           |       |    15 |    59 |    30 ||   104
Invok: Potion Petition   |       |       |       |     1 ||     1
       Call Merchant     |       |       |       |     1 ||     1
  Use: Potion            |     1 |     1 |     6 |       ||     8
       Scroll            |       |       |     2 |       ||     2
  Eat: Bread ration      |       |       |     1 |       ||     1
       Meat ration       |       |       |     1 |       ||     1
       Royal jelly       |       |       |     1 |       ||     1
Armor: Scale mail        |     7 |    12 |       |       ||    19
       Chain mail        |       |     7 |    45 |    36 ||    88
Dodge: Dodged            |    11 |     6 |    15 |    29 ||    61
Block: Shield            |    16 |    25 |    48 |    42 ||   131
